cohdb
Replays
Latest Replays
All Replays
Popular Replays
Top Player Replays
Match Explorer
How It Works
Community
CoH3 Stats
Reddit
Sign in to upload your games and track your stats! →
Sign in with Steam
Match 45663656
Unlisted
Match 45663656
Overview
Messages
Build Orders
End
Panzergrenadier Squad
Selects Panzerjäger Kommand Battlegroup
Selects Mine Fields
250 Light Carrier
Panzergrenadier Squad
Construct Light Support Kompanie
Combat Half-tracks
Fire Support Elements
Panzerjäger Squad
Panzerjäger Mechanized Group
Selects Defensive Positions
Selects Tank Busters
Flakvierling Half-track
2.5-tonne Medical Truck
Construct Panzerarmee Kommand
Forward Retreat Point
Selects Crew Shock Tactics
Panzer III L Medium Tank
Positivity :)
Kaladbolg
Bombardino Crocodilo
LokiDoki
RaRBoszZ
Irres
Oncle-Hô
唱带吴彦祖
0
0
Comments
sign in to comment!
No comments posted yet!